Carnivores vs Patriotes

Created - 29 octobre 2016 at 19:34

Goals
1 2 3 OT1 T
Carnivores 1 2 1 1 5
Patriotes 0 1 3 0 4
Shots
1 2 3 OT1 T
Carnivores 8 5 14 2 29
Patriotes 12 7 13 0 32

1st period

1. Carnivores , Artemi Panarin 1 (Phil Oreskovic) at 17:42

Penalties :
Jason Missiaen (Nyc) for Abuse of Officials (Major / Game Misconduct) at 9:51 - Andrew Gordon served the penalty

2nd period

2. Patriotes , Mattias Weinhandl 3 (Fedor Fedorov, Ryan Wilson) at 4:00 (PP)
3. Carnivores , Sasha Pokulok 1 (Artemi Panarin, Mattias Backman) at 8:06
4. Carnivores , Lane MacDermid 1 (Colton Orr, Mikael Granlund) at 16:56

Penalties :
Jeremy Welsh (Bre) for Roughing (Minor) at 2:39, Frederic St-Denis (Bre) for Tripping (Minor) at 10:06

3rd period

5. Patriotes , Melker Karlsson 1 (Mattias Weinhandl, Fedor Fedorov) at 0:37
6. Carnivores , Chris Lawrence 1 (Artemi Panarin, Jeremy Williams) at 5:09
7. Patriotes , Austin Watson 1 (Andrew Gordon, Tomas Kurka) at 6:47
8. Patriotes , Mattias Weinhandl 4 (Fedor Fedorov, Tom Preissing) at 13:11

Penalties :
Brendan Gallagher (Bre) for Hooking (Minor) at 1:31, Jeremy Williams (Bre) for Holding (Minor) at 8:30, Zack Smith (Bre) for Hooking (Minor) at 14:32

Overtime #1

9. Carnivores , Artemi Panarin 2 (Chris Lawrence) at 0:18

Penalties :
No Penalty

Goalie Stats

Chad Johnson (Bre), 28 saves from 32 shots - (0,875), W, 1-1-1, 60:18 minutes
Leland Irving (Nyc), 20 saves from 25 shots - (0,800), OTL, 0-0-1, 50:27 minutes
Jason Missiaen (Nyc), 4 saves from 4 shots - (1,000), 9:51 minutes

Players Stats for Carnivores

Player Name              G  A  P  +/- PIM S  H  SB GA TA FO     MP     PP MP  PK MP  
------------------------------------------------------------------------------------
Anton Gustafsson         0  0  0   0  0   1  1  0  1  1  6/7    11:46   0:00   2:12 
Artemi Panarin           2  2  4   3  0   8  3  0  1  0  9/12   19:44   1:46   5:09 
Blake Geoffrion          0  0  0  -2  0   4  0  3  0  0  1/2    18:15   1:53   0:00 
Bobby Sanguinetti        0  0  0   1  0   1  0  1  0  0  0/0    19:30   1:52   4:11 
Brendan Gallagher        0  0  0   0  2   1  4  1  0  0  0/0    13:28   1:51   2:17 
Chris Butler             0  0  0   0  0   0  0  0  0  0  0/0     2:16   1:52   0:00 
Chris Lawrence           1  1  2   3  0   1  1  0  0  0  0/0    19:42   1:46   5:10 
Colton Orr               0  1  1   1  0   0  0  0  1  1  0/0     8:12   1:08   0:00 
Frederic St-Denis        0  0  0   0  2   0  0  0  1  0  0/0     9:49   0:00   0:00 
Jeremy Welsh             0  0  0   0  2   1  0  0  0  0  0/0    10:46   1:01   0:00 
Jeremy Williams          0  1  1  -2  2   3  3  0  0  0  0/0    17:00   0:14   0:00 
Lane MacDermid           1  0  1   1  0   1  1  0  0  0  0/0    10:41   1:17   2:20 
Markus Granlund          0  0  0   1  0   0  1  0  0  0  0/0     7:29   0:28   0:00 
Mat Clark                0  0  0   0  0   0  0  0  0  0  0/0    10:24   0:52   0:00 
Mattias Backman          0  1  1   0  0   0  0  0  0  0  0/0     5:23   0:52   0:00 
Mikael Granlund          0  1  1  -2  0   2  4  3  1  1  10/26  20:03   1:56   1:26 
Nate Schmidt             0  0  0   1  0   3  2  1  0  0  0/0    25:53   2:15   5:06 
Phil Oreskovic           0  1  1   1  0   0  1  1  0  2  0/0    25:53   2:15   5:06 
Sasha Pokulok            1  0  1   1  0   1  1  1  0  1  0/0    17:14   0:00   4:11 
Zach Jones               0  0  0   0  0   0  0  1  0  0  0/0     4:31   0:00   0:00 
Zack Smith               0  0  0   2  2   2  0  0  0  0  8/12   13:51   1:37   0:00 

Players Stats for Patriotes

Player Name              G  A  P  +/- PIM S  H  SB GA TA FO     MP     PP MP  PK MP  
------------------------------------------------------------------------------------
A.J Thelen               0  0  0   0  0   4  3  1  0  1  0/0    26:09   4:36   2:25 
Andrew Gordon            0  1  1  -3  0   3  2  0  0  0  0/2    21:04   4:19   0:00 
Austin Watson            1  0  1   1  0   1  1  0  0  0  0/0    10:26   0:00   1:31 
Brett Skinner            0  0  0  -2  0   2  3  2  0  1  0/0    21:08   4:13   1:58 
Fedor Fedorov            0  3  3   1  0   2  0  0  0  0  0/1    17:31   4:45   1:38 
Jared Knight             0  0  0   1  0   0  0  0  0  0  1/2     8:52   0:00   0:00 
Joe Charlebois           0  0  0   0  0   1  2  1  0  0  0/0    13:01   0:28   0:36 
Lauri Tukonen            0  0  0  -1  0   0  0  0  0  0  0/0     9:39   0:23   0:00 
Matt Calvert             0  0  0  -1  0   4  1  0  1  0  0/0    10:00   0:13   0:30 
Mattias Weinhandl        2  1  3   1  0   8  0  1  1  0  0/0    16:40   4:45   0:47 
Melker Karlsson          1  0  1   1  0   1  1  0  0  0  8/16   16:36   4:45   0:40 
Ryan Spooner             0  0  0  -1  0   0  0  2  0  0  2/5    10:08   0:00   1:33 
Ryan Wilson              0  1  1  -2  0   0  1  1  1  0  0/0    21:08   4:13   1:58 
Timothy Kunes            0  0  0   0  0   0  1  1  0  2  0/0    13:01   0:28   0:36 
Tom Preissing            0  1  1   0  0   1  2  2  0  1  0/0    26:09   4:36   2:25 
Tomas Kurka              0  1  1  -3  0   3  1  4  2  0  0/3    22:48   4:19   1:47 
Zack Stortini            0  0  0   1  0   1  1  0  1  0  0/0    11:06   0:04   1:32 
Zenon Konopka            0  0  0  -2  0   1  3  0  0  0  14/30  20:47   4:18   0:00 

3 Stars

1 - Artemi Panarin (Bre)
2 - Mattias Weinhandl (Nyc)
3 - Chris Lawrence (Bre)

Power Play

Carnivores - 0 on 1 Attempt(s) - 0,00%
Patriotes - 1 on 5 Attempt(s) - 20,00%

Penalty Kill

Carnivores - 4 on 5 Attempt(s) - 80,00% - Score 0 goal in Penalty Kill
Patriotes - 1 on 1 Attempt(s) - 100,00% - Score 0 goal in Penalty Kill

Team Stat

Carnivores - Hits : 22 - Faceoff Wins : 34 - Blocked Shots : 12 - Penalty Minutes : 10
Patriotes - Hits : 22 - Faceoff Wins : 25 - Blocked Shots : 15 - Penalty Minutes : 0

Official

Referees : Leggo Mike and Hasenfratz Mike
Linesman : Michel Cormier and David Brisebois

Game Notes

Jason Missiaen ejected from game at 9:51 of 1st period
Leland Irving enters game at 9:51 of 1st period

Finance

Level 1 -- Attendance: 1575 (78,75%) -- Ticket Income 55 125 $
Level 2 -- Attendance: 705 (70,50%) -- Ticket Income 10 575 $
Total Attendance: 2280 (76,00%)
Total Ticket Income: 65 700 $
Other Income: 3 285 $
Total Income: 68 985 $

Carnivores

5 vs 5 Forward 
   Center                   Left Wing                Right Wing               Time % Phy DF OF 
 1 Mikael Granlund          Blake Geoffrion          Jeremy Williams          38     1   2  2  
 2 Zack Smith               Artemi Panarin           Chris Lawrence           28     1   2  2  
 3 Anton Gustafsson         Jeremy Welsh             Brendan Gallagher        19     1   2  2  
 4 Markus Granlund          Lane MacDermid           Colton Orr               15     1   2  2  

5 vs 5 Defense 
   Defense                  Defense                                           Time % Phy DF OF 
 1 Phil Oreskovic           Nate Schmidt                                      40     1   2  2  
 2 Bobby Sanguinetti        Sasha Pokulok                                     30     1   2  2  
 3 Mat Clark                Frederic St-Denis                                 20     1   2  2  
 4 Mattias Backman          Zach Jones                                        10     1   2  2  

PowerPlay Forward 
   Center                   Left Wing                Right Wing               Time % Phy DF OF 
 1 Mikael Granlund          Blake Geoffrion          Brendan Gallagher        60     1   2  2  
 2 Zack Smith               Artemi Panarin           Chris Lawrence           40     1   2  2  

PowerPlay Defense
   Defense                  Defense                                           Time % Phy DF OF 
 1 Phil Oreskovic           Nate Schmidt                                      60     1   2  2  
 2 Bobby Sanguinetti        Chris Butler                                      40     1   2  2  

Penalty Kill 4 Players Forward 
   Center                   Wing                     Time % Phy DF OF 
 1 Artemi Panarin           Chris Lawrence           60     1   2  2  
 2 Anton Gustafsson         Brendan Gallagher        40     1   2  2  

Penalty Kill 4 Players Defense
   Defense                  Defense                  Time % Phy DF OF 
 1 Phil Oreskovic           Nate Schmidt             60     1   2  2  
 2 Bobby Sanguinetti        Sasha Pokulok            40     1   2  2  

Penalty Kill - 3 Players Forward 
   Forward                                           Time % Phy DF OF 
 1 Artemi Panarin                                    60     1   2  2  
 2 Anton Gustafsson                                  40     1   2  2  

Penalty Kill - 3 Players Defense
   Defense                  Defense                  Time % Phy DF OF 
 1 Phil Oreskovic           Nate Schmidt             60     1   2  2  
 2 Bobby Sanguinetti        Sasha Pokulok            40     1   2  2  

4 vs 4 Forward 
   Center                   Wing                     Time % Phy DF OF 
 1 Artemi Panarin           Chris Lawrence           60     1   2  2  
 2 Mikael Granlund          Blake Geoffrion          40     1   2  2  

4 vs 4 Defense
   Defense                  Defense                  Time % Phy DF OF 
 1 Phil Oreskovic           Nate Schmidt             60     1   2  2  
 2 Bobby Sanguinetti        Sasha Pokulok            40     1   2  2  

Last Minutes Offensive
   Center                   Left Wing                Right Wing               Defense                  Defense                  
   Mikael Granlund          Artemi Panarin           Jeremy Williams          Phil Oreskovic           Sasha Pokulok            

Last Minutes Defensive
   Center                   Left Wing                Right Wing               Defense                  Defense                  
   Zack Smith               Artemi Panarin           Colton Orr               Phil Oreskovic           Sasha Pokulok            

Goaltenders
Starting : Chad Johnson             
Backup : Antti Raanta             

Extra Forwards
Normal : Artemi Panarin, Jeremy Welsh, Brendan Gallagher - PP : Artemi Panarin, Jeremy Welsh - PK : Brendan Gallagher
Extra Defensemen
Normal : Phil Oreskovic, Mat Clark, Nate Schmidt - PP : Nate Schmidt - PK : Mat Clark, Nate Schmidt
Penalty Shots
Chris Lawrence, Artemi Panarin, Brendan Gallagher, Mikael Granlund, Blake Geoffrion

Patriotes

5 vs 5 Forward 
   Center                   Left Wing                Right Wing               Time % Phy DF OF 
 1 Zenon Konopka            Tomas Kurka              Andrew Gordon            40     1   2  2  
 2 Melker Karlsson          Fedor Fedorov            Mattias Weinhandl        30     1   2  2  
 3 Ryan Spooner             Matt Calvert             Lauri Tukonen            20     1   2  2  
 4 Jared Knight             Austin Watson            Zack Stortini            10     1   2  2  

5 vs 5 Defense 
   Defense                  Defense                                           Time % Phy DF OF 
 1 Tom Preissing            A.J Thelen                                        40     1   2  2  
 2 Brett Skinner            Ryan Wilson                                       30     1   2  2  
 3 Joe Charlebois           Timothy Kunes                                     20     1   2  2  
 4 Tom Preissing            A.J Thelen                                        10     1   2  2  

PowerPlay Forward 
   Center                   Left Wing                Right Wing               Time % Phy DF OF 
 1 Zenon Konopka            Tomas Kurka              Andrew Gordon            60     1   2  2  
 2 Melker Karlsson          Fedor Fedorov            Mattias Weinhandl        40     1   2  2  

PowerPlay Defense
   Defense                  Defense                                           Time % Phy DF OF 
 1 Tom Preissing            A.J Thelen                                        60     1   2  2  
 2 Brett Skinner            Ryan Wilson                                       40     1   2  2  

Penalty Kill 4 Players Forward 
   Center                   Wing                     Time % Phy DF OF 
 1 Tomas Kurka              Andrew Gordon            60     1   2  2  
 2 Mattias Weinhandl        Fedor Fedorov            40     1   2  2  

Penalty Kill 4 Players Defense
   Defense                  Defense                  Time % Phy DF OF 
 1 Tom Preissing            A.J Thelen               60     1   2  2  
 2 Brett Skinner            Ryan Wilson              40     1   2  2  

Penalty Kill - 3 Players Forward 
   Forward                                           Time % Phy DF OF 
 1 Tomas Kurka                                       60     1   2  2  
 2 Andrew Gordon                                     40     1   2  2  

Penalty Kill - 3 Players Defense
   Defense                  Defense                  Time % Phy DF OF 
 1 Tom Preissing            A.J Thelen               60     1   2  2  
 2 Brett Skinner            Ryan Wilson              40     1   2  2  

4 vs 4 Forward 
   Center                   Wing                     Time % Phy DF OF 
 1 Tomas Kurka              Andrew Gordon            60     1   2  2  
 2 Mattias Weinhandl        Fedor Fedorov            40     1   2  2  

4 vs 4 Defense
   Defense                  Defense                  Time % Phy DF OF 
 1 Tom Preissing            A.J Thelen               60     1   2  2  
 2 Brett Skinner            Ryan Wilson              40     1   2  2  

Last Minutes Offensive
   Center                   Left Wing                Right Wing               Defense                  Defense                  
   Zenon Konopka            Tomas Kurka              Andrew Gordon            Tom Preissing            A.J Thelen               

Last Minutes Defensive
   Center                   Left Wing                Right Wing               Defense                  Defense                  
   Zenon Konopka            Tomas Kurka              Andrew Gordon            Tom Preissing            A.J Thelen               

Goaltenders
Starting : Jason Missiaen           
Backup : Leland Irving            

Extra Forwards
Normal : Lauri Tukonen, Matt Calvert, Zack Stortini - PP : Lauri Tukonen, Matt Calvert - PK : Zack Stortini
Extra Defensemen
Normal : Joe Charlebois, Timothy Kunes, Brett Skinner - PP : Joe Charlebois - PK : Timothy Kunes, Brett Skinner
Penalty Shots
Tomas Kurka, Andrew Gordon, Mattias Weinhandl, Fedor Fedorov, Lauri Tukonen

% Time on Ice - Carnivores

Lines # - Real PCT - Wanted PCT - Time Play
Normal Forward
1 - 37% - 38% - 16:56
2 - 27% - 28% - 12:15
3 - 21% - 19% - 9:33
4 - 15% - 15% - 7:00
Normal Defense
1 - 40% - 40% - 18:14
2 - 29% - 30% - 13:27
3 - 21% - 20% - 9:32
4 - 10% - 10% - 4:31
PP Forward
1 - 57% - 60% - 2:49
2 - 43% - 40% - 2:10
PP Defense
1 - 63% - 60% - 3:07
2 - 37% - 40% - 1:52
PK Forward
1 - 76% - 60% - 7:05
2 - 24% - 40% - 2:12
PK Defense
1 - 55% - 60% - 5:06
2 - 45% - 40% - 4:11
PK3 Forward
1 - 0% - 60%
2 - 0% - 40%
PK3 Defense
1 - 0% - 60%
2 - 0% - 40%
44 Forward
1 - 100% - 60% - 0:18
2 - 0% - 40% - 0:00
44 Defense
1 - 100% - 60% - 0:18
2 - 0% - 40% - 0:00
Last Minute Offensive  - 0:00
Last Minute Defensive  - 0:00
Total
Forward - 60:18
Defense - 60:18

% Time on Ice - Patriotes

Lines # - Real PCT - Wanted PCT - Time Play
Normal Forward
1 - 38% - 40% - 17:09
2 - 24% - 30% - 11:08
3 - 19% - 20% - 8:35
4 - 19% - 10% - 8:52
Normal Defense
1 - 39% - 40% - 17:42
2 - 33% - 30% - 14:57
3 - 26% - 20% - 11:42
4 - 3% - 10% - 1:23
PP Forward
1 - 49% - 60% - 4:32
2 - 51% - 40% - 4:45
PP Defense
1 - 55% - 60% - 5:04
2 - 45% - 40% - 4:13
PK Forward
1 - 84% - 60% - 4:12
2 - 16% - 40% - 0:47
PK Defense
1 - 48% - 60% - 2:25
2 - 52% - 40% - 2:34
PK3 Forward
1 - 0% - 60%
2 - 0% - 40%
PK3 Defense
1 - 0% - 60%
2 - 0% - 40%
44 Forward
1 - 100% - 60% - 0:18
2 - 0% - 40% - 0:00
44 Defense
1 - 100% - 60% - 0:18
2 - 0% - 40% - 0:00
Last Minute Offensive  - 0:00
Last Minute Defensive  - 0:00
Total
Forward - 60:18
Defense - 60:18

Play by Play

1st period


0:01 of 1st period - Mikael Granlund wins face-off versus Andrew Gordon in neutral zone.
0:16 of 1st period - Wrist shot by Jeremy Williams.
0:16 of 1st period - Shot Misses the Net.
1:19 of 1st period - Sasha Pokulok is hit by Brett Skinner and loses puck.
1:30 of 1st period - Wrist shot by Jeremy Williams.
1:30 of 1st period - Shot Blocked by Tomas Kurka.
1:32 of 1st period - Slapshot by Bobby Sanguinetti.
1:32 of 1st period - Shot Blocked by Tomas Kurka.
1:34 of 1st period - Wrist shot by Jeremy Williams.
1:34 of 1st period - Stopped by Jason Missiaen without a rebound.
1:35 of 1st period - Melker Karlsson wins face-off versus Mikael Granlund in Patriotes zone.
1:35 of 1st period - Melker Karlsson is hit by Jeremy Williams.
1:46 of 1st period - Wrist shot by Melker Karlsson.
1:46 of 1st period - Shot Misses the Net.
2:00 of 1st period - Frederic St-Denis is hit by Timothy Kunes and loses puck.
2:25 of 1st period - Icing by Frederic St-Denis.
2:26 of 1st period - Anton Gustafsson wins face-off versus Fedor Fedorov in Carnivores zone.
2:33 of 1st period - Snap shot by Jeremy Welsh.
2:33 of 1st period - Stopped by Jason Missiaen with a rebound.
2:38 of 1st period - Off-side.
2:39 of 1st period - Zenon Konopka wins face-off versus Mikael Granlund in neutral zone.
3:12 of 1st period - Slapshot by Phil Oreskovic.
3:12 of 1st period - Shot Misses the Net.
3:22 of 1st period - Snap shot by Tomas Kurka.
3:22 of 1st period - Shot Blocked by Nate Schmidt.
3:24 of 1st period - Slapshot by Joe Charlebois.
3:24 of 1st period - Shot Blocked by Phil Oreskovic.
3:32 of 1st period - Snap shot by Andrew Gordon.
3:32 of 1st period - Stopped by Chad Johnson without a rebound.
3:33 of 1st period - Zack Smith wins face-off versus Melker Karlsson in Carnivores zone.
3:57 of 1st period - Icing by Matt Calvert.
3:58 of 1st period - Mikael Granlund wins face-off versus Ryan Spooner in Patriotes zone.
4:09 of 1st period - Wrist shot by Matt Calvert.
4:09 of 1st period - Stopped by Chad Johnson without a rebound.
4:10 of 1st period - Melker Karlsson wins face-off versus Zack Smith in Carnivores zone.
4:23 of 1st period - Wrist shot by Artemi Panarin.
4:23 of 1st period - Stopped by Jason Missiaen with a rebound.
5:42 of 1st period - Off-side.
5:43 of 1st period - Zenon Konopka wins face-off versus Zack Smith in neutral zone.
5:46 of 1st period - Zack Smith is hit by Tomas Kurka and loses puck.
6:31 of 1st period - Slapshot by Colton Orr.
6:31 of 1st period - Shot Misses the Net.
6:33 of 1st period - Snap shot by Markus Granlund.
6:33 of 1st period - Shot Misses the Net.
6:41 of 1st period - Snap shot by Colton Orr.
6:41 of 1st period - Shot Blocked by Mattias Weinhandl.
6:43 of 1st period - Wrist shot by Markus Granlund.
6:43 of 1st period - Shot Blocked by Timothy Kunes.
6:53 of 1st period - Wrist shot by Matt Calvert.
6:53 of 1st period - Shot Misses the Net.
6:55 of 1st period - Snap shot by Timothy Kunes.
6:55 of 1st period - Shot Blocked by Bobby Sanguinetti.
6:57 of 1st period - Snap shot by Ryan Spooner.
6:57 of 1st period - Shot Misses the Net.
6:59 of 1st period - Snap shot by Ryan Spooner.
6:59 of 1st period - Shot Misses the Net.
7:01 of 1st period - Slapshot by Matt Calvert.
7:01 of 1st period - Shot Blocked by Sasha Pokulok.
7:03 of 1st period - Wrist shot by Lauri Tukonen.
7:03 of 1st period - Shot Misses the Net.
7:15 of 1st period - Snap shot by Andrew Gordon.
7:15 of 1st period - Stopped by Chad Johnson with a rebound.
7:17 of 1st period - Slapshot by Tom Preissing.
7:17 of 1st period - Deflect By Zack Smith.
7:17 of 1st period - Stopped by Chad Johnson without a rebound.
7:18 of 1st period - Zack Smith wins face-off versus Zenon Konopka in Carnivores zone.
7:18 of 1st period - Zack Smith is hit by Tom Preissing.
8:39 of 1st period - Wrist shot by Brendan Gallagher.
8:39 of 1st period - Shot Misses the Net.
8:44 of 1st period - Icing by Brett Skinner.
8:45 of 1st period - Melker Karlsson wins face-off versus Mikael Granlund in Patriotes zone.
8:45 of 1st period - Melker Karlsson is hit by Jeremy Williams.
9:22 of 1st period - Timothy Kunes is hit by Sasha Pokulok and loses puck.
9:29 of 1st period - Slapshot by Joe Charlebois.
9:29 of 1st period - Stopped by Chad Johnson without a rebound.
9:30 of 1st period - Zenon Konopka wins face-off versus Zack Smith in Carnivores zone.
9:31 of 1st period - Wrist shot by Tomas Kurka.
9:31 of 1st period - Stopped by Chad Johnson with a rebound.
9:41 of 1st period - Slapshot by Tomas Kurka.
9:41 of 1st period - Stopped by Chad Johnson without a rebound.
9:42 of 1st period - Blake Geoffrion wins face-off versus Zenon Konopka in Carnivores zone.
9:51 of 1st period - Slapshot by Blake Geoffrion.
9:51 of 1st period - Stopped by Jason Missiaen without a rebound.
9:51 of 1st period - Major / Game Misconduct Penalty to Jason Missiaen for Abuse of Officials.
9:51 of 1st period - Jason Missiaen is ejected from game.
9:51 of 1st period - Leland Irving enters game.
9:52 of 1st period - Mikael Granlund wins face-off versus Tomas Kurka in Patriotes zone.
9:55 of 1st period - Slapshot by Mikael Granlund.
9:55 of 1st period - Shot Blocked by A.J Thelen.
9:57 of 1st period - Backhand shot by Mikael Granlund.
9:57 of 1st period - Shot Blocked by Tom Preissing.
10:26 of 1st period - Snap shot by Chris Lawrence.
10:26 of 1st period - Shot Blocked by Brett Skinner.
11:12 of 1st period - A.J Thelen is hit by Brendan Gallagher and loses puck.
12:11 of 1st period - Fedor Fedorov is hit by Lane MacDermid and loses puck.
13:52 of 1st period - Colton Orr is hit by Joe Charlebois and loses puck.
14:31 of 1st period - Tom Preissing is hit by Phil Oreskovic and loses puck.
14:48 of 1st period - Melker Karlsson is hit by Brendan Gallagher and loses puck.
14:51 of 1st period - Penalty to Andrew Gordon is over, Andrew Gordon is back on ice.
14:59 of 1st period - Slapshot by Tomas Kurka.
14:59 of 1st period - Shot Misses the Net.
15:09 of 1st period - Slapshot by Mattias Weinhandl.
15:09 of 1st period - Stopped by Chad Johnson with a rebound.
15:35 of 1st period - Icing by Artemi Panarin.
15:36 of 1st period - Mikael Granlund wins face-off versus Ryan Spooner in Carnivores zone.
15:51 of 1st period - Snap shot by Brendan Gallagher.
15:51 of 1st period - Shot Blocked by Ryan Spooner.
15:53 of 1st period - Snap shot by Jeremy Welsh.
15:53 of 1st period - Shot Misses the Net.
16:35 of 1st period - Wrist shot by Mattias Weinhandl.
16:35 of 1st period - Stopped by Chad Johnson without a rebound.
16:36 of 1st period - Anton Gustafsson wins face-off versus Zenon Konopka in Carnivores zone.
17:01 of 1st period - Melker Karlsson is hit by Mikael Granlund and loses puck.
17:06 of 1st period - Snap shot by Blake Geoffrion.
17:06 of 1st period - Shot Misses the Net.
17:08 of 1st period - Wrist shot by Mikael Granlund.
17:08 of 1st period - Shot Misses the Net.
17:10 of 1st period - Wrist shot by Mikael Granlund.
17:10 of 1st period - Stopped by Leland Irving without a rebound.
17:11 of 1st period - Zenon Konopka wins face-off versus Mikael Granlund in Patriotes zone.
17:16 of 1st period - Nate Schmidt is hit by Brett Skinner and loses puck.
17:31 of 1st period - Nate Schmidt is hit by Andrew Gordon and loses puck.
17:42 of 1st period - Snap shot by Artemi Panarin.
17:42 of 1st period - Goal by Artemi Panarin - Carnivores : 1 - Patriotes : 0.
17:43 of 1st period - Zenon Konopka wins face-off versus Blake Geoffrion in neutral zone.
18:09 of 1st period - A.J Thelen is hit by Artemi Panarin and loses puck.
18:14 of 1st period - Wrist shot by Artemi Panarin.
18:14 of 1st period - Stopped by Leland Irving with a rebound.
18:16 of 1st period - Slapshot by Zack Smith.
18:16 of 1st period - Stopped by Leland Irving without a rebound.
18:17 of 1st period - Ryan Spooner wins face-off versus Mikael Granlund in Patriotes zone.
18:47 of 1st period - Snap shot by Fedor Fedorov.
18:47 of 1st period - Shot Misses the Net.
18:49 of 1st period - Slapshot by Melker Karlsson.
18:49 of 1st period - Shot Misses the Net.
19:04 of 1st period - Wrist shot by Zack Stortini.
19:04 of 1st period - Shot Misses the Net.
19:12 of 1st period - Slapshot by A.J Thelen.
19:12 of 1st period - Stopped by Chad Johnson with a rebound.
19:14 of 1st period - Wrist shot by Zack Stortini.
19:14 of 1st period - Stopped by Chad Johnson with a rebound.
19:16 of 1st period - Slapshot by A.J Thelen.
19:16 of 1st period - Shot Misses the Net.
19:28 of 1st period - Snap shot by Tomas Kurka.
19:28 of 1st period - Stopped by Chad Johnson without a rebound.
19:29 of 1st period - Zack Smith wins face-off versus Zenon Konopka in Carnivores zone.
19:42 of 1st period - Zack Smith is hit by Andrew Gordon and loses puck.
19:51 of 1st period - Snap shot by Chris Lawrence.
19:51 of 1st period - Shot Blocked by Tomas Kurka.
Goals for this period are 1 for Carnivores vs 0 for Patriotes.
Shots for this period are 8 for Carnivores vs 12 for Patriotes.

2nd period


0:01 of 2nd period - Zenon Konopka wins face-off versus Mikael Granlund in neutral zone.
0:03 of 2nd period - A.J Thelen is hit by Nate Schmidt and loses puck.
0:06 of 2nd period - Slapshot by A.J Thelen.
0:06 of 2nd period - Stopped by Chad Johnson with a rebound.
0:08 of 2nd period - Slapshot by Zenon Konopka.
0:08 of 2nd period - Shot Blocked by Blake Geoffrion.
0:10 of 2nd period - Slapshot by A.J Thelen.
0:10 of 2nd period - Shot Blocked by Mikael Granlund.
0:12 of 2nd period - Snap shot by Tomas Kurka.
0:12 of 2nd period - Shot Blocked by Mikael Granlund.
0:14 of 2nd period - Snap shot by A.J Thelen.
0:14 of 2nd period - Stopped by Chad Johnson without a rebound.
0:15 of 2nd period - Zack Smith wins face-off versus Melker Karlsson in Carnivores zone.
0:19 of 2nd period - Off-side.
0:20 of 2nd period - Zack Smith wins face-off versus Melker Karlsson in neutral zone.
1:08 of 2nd period - Slapshot by Brett Skinner.
1:08 of 2nd period - Shot Misses the Net.
1:34 of 2nd period - Snap shot by Austin Watson.
1:34 of 2nd period - Shot Misses the Net.
2:39 of 2nd period - Minor Penalty to Jeremy Welsh for Roughing.
2:40 of 2nd period - Artemi Panarin wins face-off versus Zenon Konopka in Carnivores zone.
3:14 of 2nd period - Wrist shot by Fedor Fedorov.
3:14 of 2nd period - Stopped by Chad Johnson without a rebound.
3:15 of 2nd period - Melker Karlsson wins face-off versus Artemi Panarin in Carnivores zone.
3:33 of 2nd period - Brendan Gallagher is hit by Ryan Wilson and loses puck.
4:00 of 2nd period - Wrist shot by Mattias Weinhandl.
4:00 of 2nd period - Goal by Mattias Weinhandl - Carnivores : 1 - Patriotes : 1.
4:01 of 2nd period - Mikael Granlund wins face-off versus Zenon Konopka in neutral zone.
4:04 of 2nd period - A.J Thelen is hit by Mikael Granlund and loses puck.
4:37 of 2nd period - Slapshot by Blake Geoffrion.
4:37 of 2nd period - Shot Blocked by Brett Skinner.
4:39 of 2nd period - Snap shot by Mikael Granlund.
4:39 of 2nd period - Shot Misses the Net.
4:41 of 2nd period - Wrist shot by Mikael Granlund.
4:41 of 2nd period - Deflect By Blake Geoffrion.
4:41 of 2nd period - Shot Misses the Net.
4:41 of 2nd period - Puck is out of play.
4:42 of 2nd period - Zack Smith wins face-off versus Zenon Konopka in Patriotes zone.
5:07 of 2nd period - Mattias Weinhandl is hit by Markus Granlund and loses puck.
5:14 of 2nd period - Snap shot by Colton Orr.
5:14 of 2nd period - Shot Misses the Net.
5:36 of 2nd period - Slapshot by A.J Thelen.
5:36 of 2nd period - Deflect By Zack Stortini.
5:36 of 2nd period - Shot Blocked by Brendan Gallagher.
5:36 of 2nd period - Puck is out of play.
5:37 of 2nd period - Jared Knight wins face-off versus Mikael Granlund in Carnivores zone.
5:40 of 2nd period - Slapshot by Brett Skinner.
5:40 of 2nd period - Stopped by Chad Johnson without a rebound.
5:41 of 2nd period - Zenon Konopka wins face-off versus Mikael Granlund in Carnivores zone.
6:14 of 2nd period - Slapshot by Blake Geoffrion.
6:14 of 2nd period - Stopped by Leland Irving with a rebound.
7:13 of 2nd period - Slapshot by Bobby Sanguinetti.
7:13 of 2nd period - Stopped by Leland Irving without a rebound.
7:14 of 2nd period - Zenon Konopka wins face-off versus Zack Smith in Patriotes zone.
7:14 of 2nd period - Zenon Konopka is hit by Chris Lawrence.
7:20 of 2nd period - Zack Smith is hit by Brett Skinner and loses puck.
7:39 of 2nd period - Mat Clark is hit by Zenon Konopka and loses puck.
7:46 of 2nd period - Zenon Konopka is hit by Artemi Panarin and loses puck.
7:55 of 2nd period - Snap shot by Chris Lawrence.
7:55 of 2nd period - Shot Misses the Net.
8:04 of 2nd period - Wrist shot by Artemi Panarin.
8:04 of 2nd period - Shot Blocked by Ryan Wilson.
8:06 of 2nd period - Backhand shot by Sasha Pokulok.
8:06 of 2nd period - Goal by Sasha Pokulok - Carnivores : 2 - Patriotes : 1.
8:07 of 2nd period - Melker Karlsson wins face-off versus Mikael Granlund in neutral zone.
8:34 of 2nd period - Sasha Pokulok is hit by Matt Calvert and loses puck.
8:39 of 2nd period - Slapshot by Ryan Wilson.
8:39 of 2nd period - Shot Misses the Net.
8:41 of 2nd period - Snap shot by Lauri Tukonen.
8:41 of 2nd period - Shot Misses the Net.
9:14 of 2nd period - Slapshot by Brett Skinner.
9:14 of 2nd period - Stopped by Chad Johnson with a rebound.
9:50 of 2nd period - Wrist shot by Matt Calvert.
9:50 of 2nd period - Shot Misses the Net.
9:52 of 2nd period - Wrist shot by Lauri Tukonen.
9:52 of 2nd period - Deflect By Matt Calvert.
9:52 of 2nd period - Stopped by Chad Johnson with a rebound.
10:06 of 2nd period - Minor Penalty to Frederic St-Denis for Tripping.
10:07 of 2nd period - Artemi Panarin wins face-off versus Zenon Konopka in Carnivores zone.
10:48 of 2nd period - Tom Preissing is hit by Brendan Gallagher and loses puck.
11:57 of 2nd period - Phil Oreskovic is hit by Joe Charlebois and loses puck.
12:06 of 2nd period - Penalty to Frederic St-Denis is over, Frederic St-Denis is back on ice.
12:41 of 2nd period - Snap shot by Anton Gustafsson.
12:41 of 2nd period - Shot Misses the Net.
12:53 of 2nd period - Zack Smith is hit by Zack Stortini and loses puck.
14:50 of 2nd period - Snap shot by Brendan Gallagher.
14:50 of 2nd period - Stopped by Leland Irving with a rebound.
15:26 of 2nd period - Wrist shot by Artemi Panarin.
15:26 of 2nd period - Shot Misses the Net.
16:41 of 2nd period - Brendan Gallagher is hit by A.J Thelen and loses puck.
16:56 of 2nd period - Wrist shot by Lane MacDermid.
16:56 of 2nd period - Goal by Lane MacDermid - Carnivores : 3 - Patriotes : 1.
16:57 of 2nd period - Mikael Granlund wins face-off versus Zenon Konopka in neutral zone.
17:00 of 2nd period - Snap shot by Phil Oreskovic.
17:00 of 2nd period - Shot Blocked by Tomas Kurka.
18:10 of 2nd period - Jeremy Welsh is hit by Austin Watson and loses puck.
18:15 of 2nd period - Slapshot by Timothy Kunes.
18:15 of 2nd period - Shot Misses the Net.
18:50 of 2nd period - Frederic St-Denis is hit by A.J Thelen and loses puck.
Goals for this period are 2 for Carnivores vs 1 for Patriotes.
Shots for this period are 5 for Carnivores vs 7 for Patriotes.

3rd period


0:01 of 3rd period - Mikael Granlund wins face-off versus Zenon Konopka in neutral zone.
0:06 of 3rd period - Slapshot by Jeremy Williams.
0:06 of 3rd period - Stopped by Leland Irving without a rebound.
0:07 of 3rd period - Zenon Konopka wins face-off versus Mikael Granlund in Patriotes zone.
0:07 of 3rd period - Zenon Konopka is hit by Jeremy Williams.
0:33 of 3rd period - Wrist shot by Fedor Fedorov.
0:33 of 3rd period - Shot Misses the Net.
0:35 of 3rd period - Wrist shot by Fedor Fedorov.
0:35 of 3rd period - Deflect By Mattias Weinhandl.
0:35 of 3rd period - Stopped by Chad Johnson with a rebound.
0:37 of 3rd period - Snap shot by Melker Karlsson.
0:37 of 3rd period - Goal by Melker Karlsson - Carnivores : 3 - Patriotes : 2.
0:38 of 3rd period - Zenon Konopka wins face-off versus Mikael Granlund in neutral zone.
1:21 of 3rd period - Zenon Konopka is hit by Anton Gustafsson and loses puck.
1:31 of 3rd period - Minor Penalty to Brendan Gallagher for Hooking.
1:32 of 3rd period - Melker Karlsson wins face-off versus Artemi Panarin in Carnivores zone.
1:32 of 3rd period - Slapshot by Mattias Weinhandl.
1:32 of 3rd period - Stopped by Chad Johnson without a rebound.
1:33 of 3rd period - Artemi Panarin wins face-off versus Melker Karlsson in Carnivores zone.
3:31 of 3rd period - Penalty to Brendan Gallagher is over, Brendan Gallagher is back on ice.
3:58 of 3rd period - Wrist shot by Anton Gustafsson.
3:58 of 3rd period - Stopped by Leland Irving with a rebound.
4:18 of 3rd period - Snap shot by Matt Calvert.
4:18 of 3rd period - Stopped by Chad Johnson without a rebound.
4:19 of 3rd period - Ryan Spooner wins face-off versus Anton Gustafsson in Carnivores zone.
4:44 of 3rd period - Jeremy Williams is hit by Melker Karlsson and loses puck.
4:49 of 3rd period - Backhand shot by Mattias Weinhandl.
4:49 of 3rd period - Shot Blocked by Blake Geoffrion.
5:09 of 3rd period - Wrist shot by Chris Lawrence.
5:09 of 3rd period - Goal by Chris Lawrence - Carnivores : 4 - Patriotes : 2.
5:10 of 3rd period - Mikael Granlund wins face-off versus Zenon Konopka in neutral zone.
6:45 of 3rd period - Wrist shot by Andrew Gordon.
6:45 of 3rd period - Shot Misses the Net.
6:47 of 3rd period - Wrist shot by Austin Watson.
6:47 of 3rd period - Goal by Austin Watson - Carnivores : 4 - Patriotes : 3.
6:48 of 3rd period - Melker Karlsson wins face-off versus Mikael Granlund in neutral zone.
6:48 of 3rd period - Melker Karlsson is hit by Mikael Granlund.
7:02 of 3rd period - Snap shot by Blake Geoffrion.
7:02 of 3rd period - Shot Misses the Net.
7:21 of 3rd period - Slapshot by Artemi Panarin.
7:21 of 3rd period - Shot Blocked by Tom Preissing.
7:23 of 3rd period - Snap shot by Zack Smith.
7:23 of 3rd period - Stopped by Leland Irving with a rebound.
7:25 of 3rd period - Slapshot by Frederic St-Denis.
7:25 of 3rd period - Deflect By Zack Smith.
7:25 of 3rd period - Shot Misses the Net.
7:25 of 3rd period - Puck is out of play.
7:26 of 3rd period - Mikael Granlund wins face-off versus Melker Karlsson in Patriotes zone.
7:27 of 3rd period - Snap shot by Blake Geoffrion.
7:27 of 3rd period - Stopped by Leland Irving with a rebound.
7:37 of 3rd period - Wrist shot by Fedor Fedorov.
7:37 of 3rd period - Stopped by Chad Johnson with a rebound.
7:51 of 3rd period - Zenon Konopka is hit by Artemi Panarin and loses puck.
7:56 of 3rd period - Slapshot by Artemi Panarin.
7:56 of 3rd period - Stopped by Leland Irving without a rebound.
7:57 of 3rd period - Zack Smith wins face-off versus Zenon Konopka in Patriotes zone.
7:58 of 3rd period - Snap shot by Artemi Panarin.
7:58 of 3rd period - Stopped by Leland Irving without a rebound.
7:59 of 3rd period - Zenon Konopka wins face-off versus Artemi Panarin in Patriotes zone.
8:08 of 3rd period - Wrist shot by A.J Thelen.
8:08 of 3rd period - Stopped by Chad Johnson without a rebound.
8:09 of 3rd period - Mikael Granlund wins face-off versus Zenon Konopka in Carnivores zone.
8:30 of 3rd period - Minor Penalty to Jeremy Williams for Holding.
8:31 of 3rd period - Artemi Panarin wins face-off versus Zenon Konopka in Carnivores zone.
8:42 of 3rd period - Nate Schmidt is hit by Tom Preissing and loses puck.
8:53 of 3rd period - Tom Preissing is hit by Nate Schmidt and loses puck.
9:01 of 3rd period - Snap shot by Andrew Gordon.
9:01 of 3rd period - Deflect By Zenon Konopka.
9:01 of 3rd period - Stopped by Chad Johnson without a rebound.
9:02 of 3rd period - Artemi Panarin wins face-off versus Melker Karlsson in Carnivores zone.
10:30 of 3rd period - Penalty to Jeremy Williams is over, Jeremy Williams is back on ice.
11:48 of 3rd period - Icing by Joe Charlebois.
11:49 of 3rd period - Anton Gustafsson wins face-off versus Jared Knight in Patriotes zone.
12:17 of 3rd period - Zack Stortini is hit by Mikael Granlund and loses puck.
12:22 of 3rd period - Snap shot by Jeremy Williams.
12:22 of 3rd period - Shot Misses the Net.
12:24 of 3rd period - Snap shot by Bobby Sanguinetti.
12:24 of 3rd period - Shot Misses the Net.
12:38 of 3rd period - Colton Orr is hit by Zenon Konopka.
12:53 of 3rd period - Icing by Phil Oreskovic.
12:54 of 3rd period - Anton Gustafsson wins face-off versus Melker Karlsson in Carnivores zone.
12:59 of 3rd period - Slapshot by Blake Geoffrion.
12:59 of 3rd period - Stopped by Leland Irving without a rebound.
13:00 of 3rd period - Melker Karlsson wins face-off versus Mikael Granlund in Patriotes zone.
13:11 of 3rd period - Slapshot by Mattias Weinhandl.
13:11 of 3rd period - Goal by Mattias Weinhandl - Carnivores : 4 - Patriotes : 4.
13:12 of 3rd period - Zenon Konopka wins face-off versus Mikael Granlund in neutral zone.
13:21 of 3rd period - Snap shot by Andrew Gordon.
13:21 of 3rd period - Stopped by Chad Johnson without a rebound.
13:22 of 3rd period - Zenon Konopka wins face-off versus Mikael Granlund in Carnivores zone.
13:25 of 3rd period - Snap shot by Tomas Kurka.
13:25 of 3rd period - Shot Blocked by Blake Geoffrion.
13:48 of 3rd period - Wrist shot by Zenon Konopka.
13:48 of 3rd period - Shot Blocked by Mikael Granlund.
14:00 of 3rd period - Slapshot by Mikael Granlund.
14:00 of 3rd period - Stopped by Leland Irving with a rebound.
14:02 of 3rd period - Wrist shot by Jeremy Williams.
14:02 of 3rd period - Shot Misses the Net.
14:04 of 3rd period - Slapshot by Nate Schmidt.
14:04 of 3rd period - Stopped by Leland Irving with a rebound.
14:06 of 3rd period - Slapshot by Nate Schmidt.
14:06 of 3rd period - Deflect By Tomas Kurka.
14:06 of 3rd period - Stopped by Leland Irving with a rebound.
14:08 of 3rd period - Snap shot by Mikael Granlund.
14:08 of 3rd period - Shot Misses the Net.
14:10 of 3rd period - Slapshot by Jeremy Williams.
14:10 of 3rd period - Deflect By Tomas Kurka.
14:10 of 3rd period - Shot Misses the Net.
14:10 of 3rd period - Puck is out of play.
14:11 of 3rd period - Zack Smith wins face-off versus Melker Karlsson in Patriotes zone.
14:32 of 3rd period - Minor Penalty to Zack Smith for Hooking.
14:33 of 3rd period - Artemi Panarin wins face-off versus Zenon Konopka in Carnivores zone.
14:33 of 3rd period - Artemi Panarin is hit by A.J Thelen.
16:16 of 3rd period - Icing by Andrew Gordon.
16:17 of 3rd period - Artemi Panarin wins face-off versus Andrew Gordon in Patriotes zone.
16:32 of 3rd period - Penalty to Zack Smith is over, Zack Smith is back on ice.
16:44 of 3rd period - Snap shot by Matt Calvert.
16:44 of 3rd period - Shot Blocked by Zach Jones.
16:46 of 3rd period - Slapshot by Matt Calvert.
16:46 of 3rd period - Deflect By Zach Jones.
16:46 of 3rd period - Stopped by Chad Johnson without a rebound.
16:47 of 3rd period - Anton Gustafsson wins face-off versus Ryan Spooner in Carnivores zone.
16:54 of 3rd period - Slapshot by Brendan Gallagher.
16:54 of 3rd period - Shot Misses the Net.
17:17 of 3rd period - Snap shot by Mikael Granlund.
17:17 of 3rd period - Shot Blocked by Ryan Spooner.
17:23 of 3rd period - Snap shot by Jeremy Williams.
17:23 of 3rd period - Stopped by Leland Irving with a rebound.
17:25 of 3rd period - Wrist shot by Mikael Granlund.
17:25 of 3rd period - Shot Misses the Net.
17:40 of 3rd period - Snap shot by Artemi Panarin.
17:40 of 3rd period - Shot Blocked by Joe Charlebois.
17:42 of 3rd period - Wrist shot by Nate Schmidt.
17:42 of 3rd period - Shot Misses the Net.
17:44 of 3rd period - Wrist shot by Artemi Panarin.
17:44 of 3rd period - Shot Misses the Net.
17:46 of 3rd period - Snap shot by Artemi Panarin.
17:46 of 3rd period - Deflect By Timothy Kunes.
17:46 of 3rd period - Stopped by Leland Irving with a rebound.
17:48 of 3rd period - Slapshot by Nate Schmidt.
17:48 of 3rd period - Deflect By Joe Charlebois.
17:48 of 3rd period - Stopped by Leland Irving without a rebound.
17:49 of 3rd period - Anton Gustafsson wins face-off versus Zenon Konopka in Patriotes zone.
17:56 of 3rd period - Tom Preissing is hit by Brendan Gallagher.
18:21 of 3rd period - Snap shot by Mattias Weinhandl.
18:21 of 3rd period - Stopped by Chad Johnson with a rebound.
18:23 of 3rd period - Wrist shot by Mattias Weinhandl.
18:23 of 3rd period - Stopped by Chad Johnson with a rebound.
19:26 of 3rd period - Icing by Lauri Tukonen.
19:27 of 3rd period - Zenon Konopka wins face-off versus Mikael Granlund in Patriotes zone.
19:32 of 3rd period - Bobby Sanguinetti is hit by Zenon Konopka and loses puck.
Goals for this period are 1 for Carnivores vs 3 for Patriotes.
Shots for this period are 14 for Carnivores vs 13 for Patriotes.

Overtime #1


0:01 of 1st overtime period - Artemi Panarin wins face-off versus Tomas Kurka in neutral zone.
0:14 of 1st overtime period - Snap shot by Artemi Panarin.
0:14 of 1st overtime period - Stopped by Leland Irving without a rebound.
0:15 of 1st overtime period - Artemi Panarin wins face-off versus Tomas Kurka in Patriotes zone.
0:18 of 1st overtime period - Snap shot by Artemi Panarin.
0:18 of 1st overtime period - Goal by Artemi Panarin - Carnivores : 5 - Patriotes : 4.
Goals for this period are 1 for Carnivores vs 0 for Patriotes.
Shots for this period are 2 for Carnivores vs 0 for Patriotes.